 Dungeon Crawl Stone Soup version 0.19-a0-628-g9200b3b (webtiles) character file.

179 georgeearnest the Skirmisher (level 5, -2/47 HPs)
             Began as a Hill Orc Fighter on June 13, 2016.
             Slain by a sky beast (5 damage)
             ... on level 2 of the Dungeon.
             The game lasted 00:02:47 (1886 turns).

georgeearnest the Skirmisher (Hill Orc Fighter)     Turns: 1886, Time: 00:02:48

Health: -2/47      AC:  7    Str: 20    XL:     5   Next: 59%
Magic:  5/5        EV:  8    Int:  8    God:
Gold:   246        SH:  9    Dex: 10    Spells: 0 memorised, 4 levels left

rFire  . . .     SeeInvis .     a - +0 war axe
rCold  . . .     Gourm    .     b - +0 scale mail
rNeg   . . .     Faith    .     c - +0 shield
rPois  .         Spirit   .     (no helmet)
rElec  .         Dismiss  .     (no cloak)
rCorr  .         Reflect  .     (no gloves)
SustAt .         Harm     .     (no boots)
MR     .....                    (no amulet)
Stlth  ..........               (no ring)
                                (no ring)

@: very slightly contaminated, invisible, not resistant to hostile enchantments,
extremely unstealthy
A: no striking features
a: no special abilities


You were on level 2 of the Dungeon.
You were not hungry.

You visited 1 branch of the dungeon, and saw 3 of its levels.

You collected 246 gold pieces.

Inventory:

Hand Weapons
 a - a +0 war axe (weapon)
Armour
 b - a +0 scale mail (worn)
 c - a +0 shield (worn)
Wands
 p - a wand of teleportation (3/9)
Scrolls
 g - 2 scrolls of enchant weapon {unknown}
 h - 5 scrolls of identify {unknown}
 i - 2 scrolls of remove curse {unknown}
 l - 2 scrolls of teleportation {unknown}
 m - a scroll of random uselessness {unknown}
 n - 2 scrolls of amnesia {unknown}
Potions
 d - 2 potions of might
 e - 2 potions of invisibility
 k - 2 potions of curing {unknown}
 o - a potion of haste {unknown}
 q - a potion of heal wounds {unknown}
Comestibles
 f - 2 bread rations
 j - a meat ration


   Skills:
 + Level 4.5 Fighting
 + Level 3.6 Axes
 + Level 4.1 Armour
 + Level 1.6 Dodging
 + Level 4.4 Shields


You had 4 spell levels left.
You didn't know any spells.

Dungeon Overview and Level Annotations

Branches:
Dungeon (3/15)

Altars:
Gozag
Okawaru


Message History

The bat is moderately wounded.
You miss something. The bat hits you.
* * * LOW HITPOINT WARNING * * *
The bat hits you but does no damage.
Something hits you but does no damage. x2
The bat hits you.
* * * LOW HITPOINT WARNING * * *
Something hits you.
* * * LOW HITPOINT WARNING * * *
Something shocks you.
* * * LOW HITPOINT WARNING * * *
You see here a jackal corpse.
It was a potion of invisibility.
You fade into invisibility!
Something hits you but does no damage.
You are very lightly contaminated with residual magic.
The bat hits you but does no damage. Something completely misses you.
The bat barely misses you. Something hits you.
* * * LOW HITPOINT WARNING * * *
Something shocks you.
You die...

##...## #.#
#.###.# ##+##
#.###.###.# # #.#
#.........# ###.#
#####.##### .##.##
#.# #....## #.#
##....# #.#
#....###### #b#
.##....(..######@#
...............>{#
###.#####.########
#.# #.# #.#####.#
#)......#
#.#######
#.).....# #######
###.##....#
#.....#


You could see a bat.

Vanquished Creatures
  Natasha (thrice) (D:2)
  Ijyb (D:2)
  3 adders (D:2)
  3 dart slugs
  2 giant geckos
  2 giant cockroaches (D:1)
  5 goblins
  4 hobgoblins
  6 jackals
  4 kobolds (D:1)
  A ball python (D:1)
  4 bats
  2 giant newts (D:1)
  4 rats
44 creatures vanquished.

Vanquished Creatures (others)
  2 fungi (D:2)
2 creatures vanquished.

Grand Total: 46 creatures vanquished

Notes
Turn   | Place    | Note
--------------------------------------------------------------
     0 | D:1      | georgeearnest the Hill Orc Fighter began the quest for the Orb.
     0 | D:1      | Reached XP level 1. HP: 19/19 MP: 1/1
    98 | D:1      | Reached XP level 2. HP: 27/27 MP: 2/2
   637 | D:1      | Reached XP level 3. HP: 31/33 MP: 3/3
   816 | D:1      | You fall through a shaft!
   816 | D:2      | Noticed Natasha
   818 | D:2      | Killed Natasha
   818 | D:2      | Reached XP level 4. HP: 40/40 MP: 4/4
   859 | D:2      | Noticed Natasha
   864 | D:2      | Killed Natasha
  1102 | D:2      | Reached skill level 1 in Dodging
  1225 | D:2      | Noticed Natasha
  1231 | D:2      | Killed Natasha
  1231 | D:2      | Reached XP level 5. HP: 39/47 MP: 5/5
  1640 | D:2      | Noticed Ijyb
  1648 | D:2      | Killed Ijyb
  1816 | D:2      | Found an iron altar of Okawaru.
  1817 | D:2      | Found an opulent altar of Gozag.
  1858 | D:3      | Noticed a sky beast
  1886 | D:2      | Slain by a sky beast

Vault maps used:
D:1:      enne_arrival_octagon_isle
D:2:      gammafunk_temple_overflow_pools, first_bread, grunt_ministairs_14,
          minmay_gold_behind_fungi, uniq_iyjb, uniq_natasha

Skill      XL: |  1  2  3  4 |
---------------+-------------+-----
Fighting       | 4 |  4.5
Axes           | 3 |  3.6
Shields        | 4 |  4.4
Armour         | 4 |  4.1
Dodging        | 1 |  1.6

Action                   |  1- 3 |  4- 6 || total
-------------------------+-------+-------++-------
Melee: War axe           |    67 |    80 ||   147
  Use: Potion            |       |     1 ||     1
  Eat: Bread ration      |       |     1 ||     1
Armor: Scale mail        |    35 |    74 ||   109
Dodge: Dodged            |    17 |    34 ||    51
Block: Shield            |    39 |    59 ||    98
